 Dungeon Crawl Stone Soup version 0.21.1-1-g345015fe64 (webtiles) character file.

43 Henning the Skirmisher (level 3, -10/36 HPs)
             Began as a Troll Abyssal Knight on June 16, 2018.
             Was a Believer of Lugonu.
             Shot with an arrow by a centaur (13 damage)
             ... on level 2 of the Dungeon.
             The game lasted 00:05:28 (806 turns).

Henning the Skirmisher (Troll Abyssal Knight)        Turns: 806, Time: 00:05:28

Health: -10/36     AC:  5    Str: 20    XL:     3   Next: 37%
Magic:  3/3        EV: 10    Int:  8    God:    Lugonu [**....]
Gold:   98         SH:  0    Dex: 10    Spells: 2/2 levels left

rFire    . . .     SeeInvis .   f - +0 short sword (vamp)
rCold    . . .     Gourm    +   (no shield)
rNeg     . . .     Faith    .   a - +0 robe
rPois    +         Spirit   .   (helmet restricted)
rElec    .         Reflect  .   (no cloak)
rCorr    .         Harm     .   (gloves unavailable)
MR       .....                  (boots unavailable)
Stlth    +.........             (no amulet)
HPRegen  0.52/turn              d - ring of poison resistance
MPRegen  0.08/turn              (no ring)

@: no status effects
A: large, unfitting armour, claws 3, fast metabolism 3, gourmand, regeneration
1, shaggy fur 1, tough skin 2
a: Depart the Abyss, Bend Space, Renounce Religion


You were on level 2 of the Dungeon.
You worshipped Lugonu.
Lugonu was pleased with you.
You were completely stuffed.

You visited 1 branch of the dungeon, and saw 2 of its levels.
You visited the Abyss 1 time.

You collected 98 gold pieces.

Inventory:

Hand Weapons
 f - a +0 vampiric short sword (weapon)
Armour
 a - a +0 robe (worn)
Jewellery
 d - a ring of poison resistance (left claw)
Scrolls
 g - 3 scrolls of random uselessness {unknown}
 h - a scroll of fear {unknown}
 j - a scroll of amnesia {unknown}
 k - 2 scrolls of identify {unknown}
 l - a scroll of remove curse {unknown}
Potions
 c - a potion of mutation {unknown}
 e - 2 potions of curing {unknown}
Comestibles
 b - 4 rations
 i - 4 chunks of flesh


   Skills:
 + Level 2.7 Fighting
 + Level 2.3 Dodging
 * Level 2.7 Unarmed Combat
 + Level 2.1 Invocations


You had 2 spell levels left.
You didn't know any spells.

Dungeon Overview and Level Annotations

Branches:
Dungeon (2/15)

Altars:


Innate Abilities, Weirdness & Mutations

You are too large for most types of armour.
You have claws for hands.
Your metabolism is lightning-fast.
You like to eat raw meat.
Your natural rate of healing is unusually fast.
You are covered in fur. (AC +1)
You have very tough skin. (AC +2)


Message History

There is an open door here.
You now have 98 gold pieces (gained 9).
As you open the door, it creaks loudly!
There is an open door here.
Some of the chunks of flesh in your inventory have rotted away.
A centaur comes into view.
The centaur shouts!
The centaur wields a shortbow.
The centaur shoots an arrow.
The arrow hits you!
A rat comes into view.
You see here an arrow.
The centaur shoots an arrow.
The arrow hits you!
The centaur shoots an arrow.
The arrow hits you!
* * * LOW HITPOINT WARNING * * *
You see here 2 arrows.
You are too injured to fight recklessly!
You are too injured to fight recklessly!
The centaur shoots an arrow.
The arrow barely misses you.
You see here an arrow.
The centaur shoots an arrow.
The arrow hits you!
You die...

..###.######.#####
#r# #..# #.# #c#
##.## #.# #.# #..#
#.# #.# ##.## #.#
#.# #..# #.# #(#
##.# #.# #(# #.#
#.# #@# #.###.#
#(# #..##.# #.#
##.##)# #.# #.##.#
#.# #..#.# #.#
##.#.# #.# #...#
#.# ##..# #.# #..#


You could see a centaur and a rat.

Vanquished Creatures
  An ooze (D:1)
  A dart slug (D:1)
  A ball python (D:1)
  2 giant cockroaches
  5 goblins
  5 hobgoblins
  4 jackals (D:1)
  7 kobolds
  3 bats (D:1)
  3 frilled lizards
  3 rats (D:1)
35 creatures vanquished.

Notes
Turn   | Place    | Note
-------+----------+-------------------------------------------
     0 | Abyss:1  | Henning the Troll Abyssal Knight began the quest for the Orb.
     0 | Abyss:1  | Reached XP level 1. HP: 22/22 MP: 1/1
    32 | D:1      | Escaped the Abyss
   114 | D:1      | Reached XP level 2. HP: 26/29 MP: 2/2
   221 | D:1      | Reached ** piety under Lugonu
   453 | D:1      | Reached XP level 3. HP: 33/36 MP: 3/3
   801 | D:2      | Noticed a centaur
   806 | D:2      | Shot with an arrow by a centaur

Skill      XL: |  1  2 |
---------------+-------+-----
Dodging        | 2 |  2.3
Invocations    | 2 |  2.1
Fighting       | |  2.7
Unarmed Combat | |  2.7

Action                   || total
-------------------------++-------
Melee: Unarmed           ||    35
       Short sword       ||   107
  Eat: Chunk             ||    18
Armor: Robe              ||    59
Dodge: Dodged            ||    92
